[Event "WSTCC-50 2024"]
[Site "Krakow"]
[Date "2024.07.03"]
[Round "2.3"]
[White "Barron, Michael"]
[Black "Novikov, Igor"]
[Result "1/2-1/2"]
[ECO "B54"]
[WhiteElo "2046"]
[BlackElo "2509"]
[Annotator "TA"]
[PlyCount "52"]
[EventDate "2024.07.01"]
[EventType "team-tourn"]
[EventCountry "POL"]
[SourceTitle "playchess.com"]
[Source "ChessBase"]
[SourceQuality "1"]
[TimeControl "40/5400+30:1800+30"]

1. e4 c5 2. Nf3 d6 3. d4 cxd4 4. Nxd4 Nf6 5. f3 e5 6. Nb3 Be7 7. c4 a5 8. Be3 a4 9. N3d2 Qa5 10. Nc3 {[%emt 0:00:30][%cal Oc4c5] White has an edge.} Bd7 11. Bd3 Na6 12. O-O Bd8 (12... Nc5 $11 13. Qc2 O-O) 13. Nb5 (13. c5 $16 {Nc4 is the strong threat.} b5 14. Qe2 (14. cxd6 Bb6 $14)) 13... Bb6 $1 $11 14. Qe2 ({Much worse is} 14. Nxd6+ Ke7 15. c5 (15. Nxb7 $2 {too greedy.} Bxe3+ 16. Kh1 Qxd2 $19) 15... Bxc5 $15) 14... O-O 15. Rfd1 Bc5 16. Nf1 Rfd8 17. Rac1 Qb6 18. Kh1 Nc7 19. Nxc7 Qxc7 20. Bg5 Kh8 21. Ne3 Be6 (21... Rg8 $14 {feels stronger.}) 22. Nd5 Bxd5 23. exd5 Qe7 24. Qe1 {[%emt 0:06:34] Threatens to win with Qh4.} h6 25. Bd2 Re8 26. Be4 Nxe4 {[%emt 0:02:07] Weighted Error Value: White=0.11 (very precise) /Black=0.10 (very precise) .  Mistake:       	White=1     	Black=2      Inaccurate:     	White=1     	---        OK:         	White=8     	Black=5      Best:        	---       	Black=2      Strong:       	---       	Black=1} 1/2-1/2

[Event "WSTCC-50 2024"]
[Site "Krakow"]
[Date "2024.07.03"]
[Round "2.3"]
[White "Moritz, Hartmut"]
[Black "Ginsburg, Mark"]
[Result "0-1"]
[ECO "B40"]
[WhiteElo "2002"]
[BlackElo "2272"]
[Annotator "TA"]
[PlyCount "118"]
[EventDate "2024.07.01"]
[EventType "team-tourn"]
[EventCountry "POL"]
[SourceTitle "playchess.com"]
[Source "ChessBase"]
[SourceQuality "1"]
[TimeControl "40/5400+30:1800+30"]

1. e4 c5 2. Nf3 e6 3. c3 d5 4. e5 d4 5. Na3 Nc6 6. b3 Nge7 7. Bb2 Ng6 8. Bb5 {[%emt 0:24:28] The position is equal.} Bd7 9. Qe2 a6 10. Bd3 Nf4 11. Qe4 Nxd3+ (11... Nxg2+ $2 12. Kf1 $18) 12. Qxd3 b5 13. Nc2 dxc3 14. dxc3 Be7 15. Rd1 Qc7 16. O-O Rd8 (16... Nxe5 $2 17. Nxe5 Bc6 18. Qg3 $18) 17. Qe4 O-O 18. Ne3 {[%emt 0:01:35] [#]} c4 19. bxc4 $11 Na5 20. cxb5 axb5 21. Nd4 Nc4 22. Nxc4 Qxc4 23. a3 Be8 24. Rfe1 Rd5 25. Qd3 Qc7 26. Qe4 g6 27. Rd3 Kg7 (27... Bc6 $11) 28. Rh3 {[%emt 0:02:44][%cal Od4f5] Strongly threatening Nf5+!} h6 29. Qe3 Rh8 30. Bc1 (30. Rg3 $14 {feels stronger.}) 30... h5 31. Qf4 h4 32. Rf3 (32. Qe4 $11) 32... Rh5 $17 {[%emt 0:01:46][%cal Rh5e5] White is now going downhill.} 33. g4 (33. h3 $142) 33... hxg3 (33... Rdxe5 $2 {perishes.} 34. Rfe3 Bf6 (34... Rxe3 $2 35. Qxc7 Rxe1+ 36. Kg2 $18) 35. gxh5 $18) 34. Rxg3 (34. hxg3 $17 Rdxe5 (34... Rhxe5 35. Rxe5 Qxe5 36. Kf1 $15) 35. Kg2) 34... Rdxe5 $19 35. Rxe5 Qxe5 36. Qxe5+ Rxe5 37. Kf1 {[%emt 0:00:35] Dodges Re1+} Rh5 38. h3 (38. Kg1 {is a better defense.}) 38... Bd7 39. Kg2 e5 40. Ne2 Bc6+ {[%emt 0:01:02] This pair of bishops is nice.} 41. Kg1 Bc5 42. Kf1 Rf5 43. Be3 Bxa3 44. Rg5 Rxg5 45. Bxg5 {[%emt 0:00:03][%mdl 4096] Endgame. KBB-KBN} Bf3 46. Nc1 Bd5 47. Be3 f6 48. f4 exf4 49. Bxf4 g5 50. Be3 Kg6 51. Kf2 f5 {[%emt 0:01:17] And now ...f4 would win.} 52. Ne2 Bc4 53. Ng1 Be6 54. Bd4 f4 {[%emt 0:02:00] Threatens to win with ...Bb2.} 55. Kf3 (55. Bb6 $142 Be7 56. Ke2) 55... Kf5 56. Ke2 Bc4+ 57. Kf3 (57. Kf2 $19 Bd5 58. Ke1) 57... Bb2 58. Ne2 Bxe2+ 59. Kxe2 {[%emt 0:00:02] [#]} b4 $1 {[%emt 0:00:05][%mdl 512] Weighted Error Value: White=0.38/Black=0.12 (very precise) .  Mistake:       	White=6     	Black=2      Inaccurate:     	White=8     	Black=2      OK:         	White=9     	Black=21     Best:        	White=1     	Black=4} 0-1

[Event "WSTCC-50 2024"]
[Site "Krakow"]
[Date "2024.07.03"]
[Round "2.3"]
[White "Dawson, Alastair"]
[Black "Jhunjhnuwala, Ramesh"]
[Result "1/2-1/2"]
[ECO "A38"]
[WhiteElo "1850"]
[BlackElo "2050"]
[Annotator "NA RC"]
[PlyCount "77"]
[EventDate "2024.07.01"]
[EventType "team-tourn"]
[EventCountry "POL"]
[SourceTitle "playchess.com"]
[Source "ChessBase"]
[SourceQuality "1"]
[TimeControl "40/5400+30:1800+30"]

1. Nf3 Nf6 2. c4 c5 3. g3 Nc6 4. Bg2 g6 5. Nc3 Bg7 6. O-O O-O 7. a3 d5 8. cxd5 Nxd5 9. Nxd5 Qxd5 10. d3 Bg4 11. h3 Bxf3 12. Bxf3 Qd7 13. Bg2 Rac8 14. Qa4 Rfd8 15. Rb1 b6 16. Kh2 Nd4 17. Qd1 c4 18. e3 Nb3 19. d4 Qf5 20. Bd2 Qxb1 21. Qxb1 Nxd2 22. Qc2 Nxf1+ 23. Bxf1 e5 24. d5 Rxd5 25. Qa4 b5 26. Qxa7 Rd2 27. Qb7 Rcd8 28. Qxb5 e4 29. a4 Rxf2+ 30. Kg1 Rxb2 31. Qxc4 Rd1 32. a5 Rbb1 33. a6 Bh6 34. Qc8+ Kg7 35. Qc3+ f6 36. Qc7+ Kf8 37. Qc5+ Kf7 38. Qc4+ Kg7 39. Qc7+ 1/2-1/2

[Event "WSTCC-50 2024"]
[Site "Krakow"]
[Date "2024.07.03"]
[Round "2.4"]
[White "Yermolinsky, Alex"]
[Black "Findlay, Ian T."]
[Result "1/2-1/2"]
[ECO "E54"]
[WhiteElo "2421"]
[BlackElo "2118"]
[Annotator "TA"]
[PlyCount "27"]
[EventDate "2024.07.01"]
[EventType "team-tourn"]
[EventCountry "POL"]
[SourceTitle "playchess.com"]
[Source "ChessBase"]
[SourceQuality "1"]
[TimeControl "40/5400+30:1800+30"]

1. Nf3 Nf6 2. c4 e6 3. Nc3 d5 4. d4 Bb4 5. e3 c5 6. Bd3 O-O 7. O-O dxc4 8. Bxc4 cxd4 9. exd4 b6 10. Bg5 Bb7 11. Re1 Nbd7 12. Bd3 {[%emt 0:00:29] The position is equal.} Rc8 13. Rc1 a6 14. a4 {[%emt 0:11:10] A rather calm draw.   Weighted Error Value: White=0.08 (flawless) /Black=0.16 (very precise) .  Inaccurate:     	---       	Black=1} 1/2-1/2

[Event "WSTCC-50 2024"]
[Site "Krakow"]
[Date "2024.07.03"]
[Round "2.4"]
[White "Jhunjhnuwala, Krishan"]
[Black "Heatlie, Douglas S"]
[Result "1/2-1/2"]
[ECO "C44"]
[WhiteElo "2227"]
[BlackElo "1834"]
[Annotator "RC"]
[PlyCount "78"]
[EventDate "2024.07.01"]
[EventType "team-tourn"]
[EventCountry "POL"]
[SourceTitle "playchess.com"]
[Source "ChessBase"]
[SourceQuality "1"]
[TimeControl "40/5400+30:1800+30"]

1. e4 e5 2. Nf3 Nc6 3. d4 exd4 4. Nxd4 Nge7 5. Nc3 Nxd4 6. Qxd4 b6 7. Bc4 Bb7 8. O-O Ng6 9. Rd1 c6 10. a4 f6 11. Qe3 Qc7 12. Qe2 a5 13. Be3 Ne5 14. Bf4 O-O-O 15. Ba6 Bc5 16. Be3 Bxe3 17. Bxb7+ Kxb7 18. Qxe3 Nc4 19. Qd4 Ne5 20. b4 axb4 21. Qxb4 Rhe8 22. a5 b5 23. a6+ Ka8 24. a7 Nc4 25. Rdb1 Re5 26. f4 Rh5 27. Nd5 cxd5 28. Qxb5 Qb6+ 29. Qxb6 Nxb6 30. Rxb6 dxe4 31. Rd6 Rc5 32. Ra2 Rc7 33. g4 Rxa7 34. Rxa7+ Kxa7 35. Kf2 Kb7 36. Ke3 Kc7 37. Rd4 Re8 38. Rc4+ Kd6 39. Rd4+ Kc6 1/2-1/2

[Event "WSTCC-50 2024"]
[Site "Krakow"]
[Date "2024.07.03"]
[Round "2.4"]
[White "Koganov, Mikhail"]
[Black "Dettmann, Holger"]
[Result "1/2-1/2"]
[ECO "B06"]
[WhiteElo "2177"]
[BlackElo "1965"]
[Annotator "RC"]
[PlyCount "106"]
[EventDate "2024.07.01"]
[EventType "team-tourn"]
[EventCountry "POL"]
[SourceTitle "playchess.com"]
[Source "ChessBase"]
[SourceQuality "1"]
[TimeControl "40/5400+30:1800+30"]

1. e4 g6 2. d4 Bg7 3. Nc3 c6 4. f4 d6 5. Nf3 Nf6 6. Bd3 O-O 7. O-O b5 8. Qe1 a6 9. e5 Ng4 10. Ne4 c5 11. h3 c4 12. Be2 Nh6 13. c3 Qb6 14. Kh2 f6 15. Bd1 d5 16. Nc5 Nf7 17. a4 Ra7 18. b4 cxb3 19. Bxb3 bxa4 20. Bxd5 e6 21. exf6 exd5 22. fxg7 Kxg7 23. Rxa4 Qd6 24. Rf2 Re7 25. Re2 Rfe8 26. Ne5 Nc6 27. Ncd3 Bf5 28. Ba3 Ncxe5 29. fxe5 Qc6 30. Bxe7 Bxd3 31. Bf6+ Kg8 32. Raa2 Bxe2 33. Rxe2 Nh6 34. Qa1 Nf5 35. Ra2 Ra8 36. Ra5 Ne3 37. Qc1 Nf5 38. Rc5 Qe6 39. Rc7 Rc8 40. Rxc8+ Qxc8 41. Qd2 Ng7 42. Qb2 Ne8 43. Qb6 Nxf6 44. Qxf6 Qf8 45. Qxa6 Qf4+ 46. Kg1 Qe3+ 47. Kf1 Qf4+ 48. Ke1 Qc1+ 49. Ke2 Qc2+ 50. Ke3 Qc1+ 51. Kf2 Qf4+ 52. Kg1 Qe3+ 53. Kh1 Qc1+ 1/2-1/2

[Event "WSTCC-50 2024"]
[Site "Krakow"]
[Date "2024.07.03"]
[Round "2.5"]
[White "Adams, Michael"]
[Black "Belakovskaia, Anjelina"]
[Result "1-0"]
[ECO "C84"]
[WhiteElo "2670"]
[BlackElo "2171"]
[Annotator "TA"]
[PlyCount "73"]
[EventDate "2024.07.01"]
[EventType "team-tourn"]
[EventCountry "POL"]
[SourceTitle "playchess.com"]
[Source "ChessBase"]
[SourceQuality "1"]
[TimeControl "40/5400+30:1800+30"]

1. e4 e5 2. Nf3 Nc6 3. Bb5 a6 4. Ba4 Nf6 5. O-O Be7 6. d3 b5 7. Bb3 d6 8. a4 Rb8 9. c3 O-O 10. Nbd2 d5 {[%emt 0:10:54] The position is equal.} 11. axb5 axb5 12. Re1 Bb7 13. exd5 Nxd5 14. Ne4 Nf6 15. Qe2 {[%emt 0:05:47] White is more active.} Ra8 16. Rxa8 Qxa8 17. Bg5 Nxe4 18. dxe4 Bxg5 (18... Bd6 $16) 19. Nxg5 $18 {[%emt 0:00:02][%cal Oe2h5] Qh5! is the strong threat.} Nd8 20. h3 (20. Qxb5 $18 {and White stays clearly on top.} h6 21. Nf3) 20... c5 (20... Qa6 $16 {was necessary.}) 21. Qxb5 h6 22. Nf3 Bxe4 23. Re3 (23. Qxc5 $6 Bxf3 24. gxf3 Qxf3 $16) (23. Nxe5 $18 Bxg2 24. Ng6 (24. Qxc5 Bxh3 25. Qd5 Qb8 $11)) 23... Ne6 24. Bxe6 (24. Nxe5 $6 Bxg2 25. Bxe6 fxe6 $11) 24... Bxf3 $2 {[%emt 0:03:56] Black cannot hold the game after this.} (24... fxe6 $16 25. Ne1 (25. Qxc5 Bxf3 26. gxf3 Rf6 $16) (25. Nxe5 Bxg2 26. Qxc5 Bd5 $11) 25... Bd5) 25. Rxf3 fxe6 26. Rxf8+ (26. Qxc5 Qa1+ 27. Kh2 Rxf3 28. gxf3 Qxb2 $11) 26... Qxf8 $16 {[%emt 0:00:23][%mdl 4096] Endgame. KQ-KQ} 27. b4 $1 cxb4 28. cxb4 {[%emt 0:00:07][%cal Ob5c5] aiming for Qc5!} Qd6 (28... h5 29. Qb6 (29. Qxe5 Qxb4 30. Qxe6+ Kh7 $11) 29... Kh7) 29. Qc5 $1 $18 Qd1+ 30. Kh2 {[%emt 0:00:02][%cal Ob4b5] Strongly threatening b5!} Qd4 (30... e4 $142 31. b5 Kf7) 31. Qxd4 exd4 {[%emt 0:00:02] KP-KP} 32. Kg3 {[%emt 0:01:29] Black must now prevent b5.} Kf7 {[%emt 0:00:13] [#]} 33. f4 $1 g5 34. fxg5 {[%emt 0:00:45] White mates.} hxg5 35. Kf3 e5 36. Ke4 Ke6 {[%emt 0:00:11] [#]} 37. g3 $1 {[%emt 0:00:25] Weighted Error Value: White=0.17 (very precise) /Black=0.71.  Loses game:     	---       	Black=1      Mistake:       	White=2     	Black=4      Inaccurate:     	White=1     	Black=3      OK:         	White=7     	Black=5      Best:        	White=3     	---        Strong:       	White=2     	---} 1-0

[Event "WSTCC-50 2024"]
[Site "Krakow"]
[Date "2024.07.03"]
[Round "2.5"]
[White "Mrva, Martin"]
[Black "Lalic, Susan K"]
[Result "1/2-1/2"]
[ECO "C02"]
[WhiteElo "2361"]
[BlackElo "2235"]
[Annotator "TA"]
[PlyCount "160"]
[EventDate "2024.07.01"]
[EventType "team-tourn"]
[EventCountry "POL"]
[SourceTitle "playchess.com"]
[Source "ChessBase"]
[SourceQuality "1"]
[TimeControl "40/5400+30:1800+30"]

1. e4 e6 2. d4 d5 3. e5 c5 4. c3 Nc6 5. Nf3 Qb6 6. a3 c4 7. Nbd2 Na5 8. Rb1 Bd7 9. h4 O-O-O 10. b4 cxb3 11. Nxb3 Ba4 12. Nfd2 Ne7 13. Qc2 Nec6 14. Qa2 Nxb3 15. Nxb3 Bxb3 16. Rxb3 Qc7 17. Rh3 f6 18. exf6 gxf6 19. Rb1 Bd6 20. Be2 Rhg8 21. Kf1 Qg7 22. Bf3 Na5 23. a4 Qc7 24. Qe2 Qc4 25. Rb5 b6 26. Qxc4+ Nxc4 27. Be2 Rd7 28. Rf3 f5 29. Bxc4 dxc4 30. Bg5 Be7 31. Bxe7 Rxe7 32. d5 Rd8 (32... Rg4 $16) 33. dxe6 $1 $18 Rxe6 34. g3 $1 Rd1+ (34... Rd3 $142 35. Rbxf5 Kc7) 35. Kg2 $18 Ra1 36. Rbxf5 Kd7 37. Rd5+ Kc6 (37... Ke8 {is a better defense.} 38. Rf4 Rxa4) 38. Rh5 $18 h6 39. g4 Rxa4 40. Rf4 b5 41. Rff5 (41. g5 $16 hxg5 42. hxg5) 41... a6 $14 42. g5 hxg5 43. hxg5 Ra1 44. Rh6 Rxh6 45. gxh6 Re1 46. Rf6+ Kb7 47. h7 Re8 48. Rh6 Rh8 49. Kf3 a5 50. Ke4 b4 51. Kd4 b3 52. Kxc4 b2 53. Rh1 Kc6 54. Rb1 Rxh7 55. Rxb2 Rh4+ 56. Kd3 Rh3+ 57. Kd4 Rh4+ 58. Ke5 Rh3 59. Rc2 Kc5 60. f4 Re3+ 61. Kf6 a4 62. Ra2 Kb5 63. Ra3 Re1 64. f5 Rb1 65. Ra2 Rc1 66. Ra3 Rb1 67. Ke6 Rb3 $2 {[%emt 0:00:07][%mdl 8192] [#]} (67... Re1+ $11 {and Black has nothing to worry.} 68. Kf7 Rf1) 68. c4+ $2 (68. f6 $1 $18 {[%mdl 512] White wants to mate with Rxb3+.} Rb1 (68... Rxa3 $2 {perishes.} 69. f7 $18) 69. c4+ Kb4 70. Rf3 Re1+ 71. Kd6 Rd1+ 72. Kc7) 68... Kb4 $11 69. Ra1 Rc3 70. Kd5 Rd3+ 71. Ke5 Rc3 72. Kd5 Rd3+ 73. Ke6 Rc3 74. f6 Rxc4 75. f7 Rf4 76. Rh1 Kb3 77. Rh3+ Kb2 78. Rh2+ Kb3 79. Rh3+ Kb2 80. Rh2+ Kb3 1/2-1/2

[Event "WSTCC-50 2024"]
[Site "Krakow"]
[Date "2024.07.03"]
[Round "2.5"]
[White "Csonkics, Tunde"]
[Black "Bouah, Lyndon"]
[Result "0-1"]
[ECO "E63"]
[WhiteElo "1995"]
[BlackElo "1996"]
[Annotator "NA RC"]
[PlyCount "110"]
[EventDate "2024.07.01"]
[EventType "team-tourn"]
[EventCountry "POL"]
[SourceTitle "playchess.com"]
[Source "ChessBase"]
[SourceQuality "1"]
[TimeControl "40/5400+30:1800+30"]

1. Nf3 Nf6 2. g3 g6 3. Bg2 Bg7 4. O-O O-O 5. d4 d6 6. c4 Nc6 7. Nc3 a6 8. e3 Rb8 9. Qe2 b5 10. Nd2 Qd7 11. b3 Re8 12. Bb2 e5 13. d5 Ne7 14. Rfd1 h6 15. cxb5 axb5 16. b4 Nh7 17. e4 f5 18. exf5 gxf5 19. Nf3 Ng6 20. Rac1 Nf6 21. Qc2 Qf7 22. Ne2 Re7 23. Nc3 Bf8 24. Re1 Bd7 25. Rcd1 Ng4 26. h3 Nf6 27. Kh2 Qe8 28. Bc1 Kh7 29. g4 Rg7 30. g5 Nh5 31. gxh6 Rg8 32. Ng5+ Kh8 33. Ne6 Bxe6 34. dxe6 Ngf4 35. Rg1 Qxe6 36. Nd5 Rxg2+ 37. Rxg2 Nxd5 38. Rdg1 Be7 39. Rg6 Qf7 40. Qd1 Ndf6 41. Qf3 f4 42. R1g5 Bf8 43. Qg2 Kh7 44. Qc6 Bxh6 45. Qc2 e4 46. Rg1 Ra8 47. a3 Qc4 48. Qb2 Nd5 49. Re6 Qd3 50. Qa2 Ng7 51. Reg6 Nf5 52. Qa1 Nd4 53. Rxh6+ Kxh6 54. Rd1 Nf3+ 55. Kg2 Qxd1 0-1

[Event "WSTCC-50 2024"]
[Site "Krakow"]
[Date "2024.07.03"]
[Round "2.6"]
[White "Marinello, Beatriz"]
[Black "Flear, Glenn C"]
[Result "0-1"]
[ECO "D04"]
[WhiteElo "2109"]
[BlackElo "2390"]
[Annotator "TA"]
[PlyCount "88"]
[EventDate "2024.07.01"]
[EventType "team-tourn"]
[EventCountry "POL"]
[SourceTitle "playchess.com"]
[Source "ChessBase"]
[SourceQuality "1"]
[TimeControl "40/5400+30:1800+30"]

1. d4 d5 2. Nf3 Nf6 3. e3 g6 4. Be2 Bg7 5. O-O O-O 6. b3 c5 7. Bb2 cxd4 8. Nxd4 Re8 9. c4 e5 10. Nf3 Nc6 {[%emt 0:00:19][%cal Od5d4] The position is equal.} 11. Nbd2 (11. Nc3 $11) 11... d4 $17 12. exd4 e4 (12... Nxd4 $6 13. Nxd4 exd4 14. Nf3 $11) 13. Ne1 Nxd4 {[%emt 0:00:16] Black is much more active. The white rooks are passive.} 14. Nc2 {[%emt 0:12:43] [#]} (14. Bxd4 $142 Qxd4 15. Nc2) 14... Nxe2+ (14... Nxc2 $1 $17 15. Qxc2 Bf5) 15. Qxe2 $15 Bg4 16. Qe1 Qd3 (16... Qd6 $5) 17. Nb4 ({White should try} 17. Rc1 $11) 17... Qd6 $1 $36 {[%emt 0:03:06][%mdl 2048] Black is pushing.} 18. Nb1 $2 {[%emt 0:12:52] Now White is beyond hope.} (18. Bxf6 $1 $15 Qxf6 (18... Qxb4 19. Bxg7 Kxg7 20. Nxe4 $16) 19. Rc1) 18... Bf3 $19 19. h3 {[%emt 0:01:25] [#] Prevents Ng4.} (19. Qd2 $142 Qe6 (19... Qxd2 20. Nxd2 Rad8 21. Nxf3 $11) 20. h3 (20. gxf3 $2 exf3 21. Qf4 Ne4 $19)) 19... Ng4 $1 20. hxg4 {[%emt 0:00:38] Strongly threatening Bxg7.} Bxb2 {[%emt 0:00:16] This pair of bishops is nice.} 21. Nd5 Bxa1 22. Nbc3 Bxc3 23. Qxc3 {[%emt 0:00:10] [#]} Qe5 24. gxf3 Qxc3 25. Nxc3 exf3 {[%emt 0:00:06][%mdl 4096] Endgame. KRR-KRN} 26. Kh2 Rad8 27. Kg3 Kg7 28. Nd5 Re2 29. Ra1 Rb2 30. Kxf3 h6 31. Re1 Rxa2 32. Re7 {[%emt 0:00:13] [#]} b5 33. Rb7 (33. Nc3 Rb2) 33... bxc4 34. bxc4 a5 35. Ra7 a4 36. Kg2 a3 37. Kf3 Rb8 38. Ke4 Rb3 39. c5 Rc2 40. Kd4 a2 {[%emt 0:01:27][%cal Ob3b1] And now ...Rb1! would win.} 41. Ne3 Rd2+ 42. Kc4 Rb1 {[%emt 0:00:21] Black mates.} ({Not} 42... Rxf2 43. Kxb3 Rf3 44. Rxa2 Rxe3+ 45. Kb4 $11) 43. Kc3 Rxf2 ({Weaker is} 43... a1=B+ 44. Kxd2 Bd4 45. Ra5 $15) 44. Nc2 {[%emt 0:00:25] [#]} Rxc2+ $1 {[%emt 0:00:59] Weighted Error Value: White=0.62/Black=0.20 (precise) .  Loses game:     	White=1     	---        Mistake:       	White=4     	Black=1      Inaccurate:     	White=2     	Black=1      OK:         	White=7     	Black=18     Best:        	White=1     	Black=1      Strong:       	---       	Black=1      Brilliant:      	---       	Black=1} 0-1

[Event "WSTCC-50 2024"]
[Site "Krakow"]
[Date "2024.07.03"]
[Round "2.6"]
[White "Lauterbach, Ingrid"]
[Black "Motuz, Karol"]
[Result "1/2-1/2"]
[ECO "A90"]
[WhiteElo "2023"]
[BlackElo "2293"]
[Annotator "TA"]
[PlyCount "83"]
[EventDate "2024.07.01"]
[EventType "team-tourn"]
[EventCountry "POL"]
[SourceTitle "playchess.com"]
[Source "ChessBase"]
[SourceQuality "1"]
[TimeControl "40/5400+30:1800+30"]

1. d4 e6 2. c4 f5 3. g3 Nf6 4. Bg2 c6 5. Nc3 d5 6. cxd5 cxd5 7. Nf3 Bd6 8. O-O Nc6 9. b3 O-O 10. Bb2 Bd7 11. Nb5 Be7 12. Rc1 Rc8 13. Nc3 Be8 14. Ne5 Bh5 15. Qd3 Nxe5 16. dxe5 Ne4 17. Nb5 Qa5 18. a4 Qd2 19. Nxa7 (19. Rxc8 $14 {stays ahead.} Rxc8 20. Bxe4 Qxb2 21. Bxd5 Qxe5 (21... exd5 $2 22. Qxf5 Rf8 23. Qxh5 $18) 22. Bc4) 19... Rxc1 $17 (19... Qxe2 $2 {is the wrong capture.} 20. Qxe2 Bxe2 21. Nxc8 $18 (21. Rxc8 Bxf1 22. Kxf1 Nd2+ 23. Ke2 Bb4 $18)) 20. Bxc1 Qxe2 21. Qxe2 Bxe2 22. Re1 Bd3 (22... Bc5 $17 23. Rxe2 Bxa7) 23. Be3 $11 Ba3 24. Bf1 Bc2 (24... Bxf1 $11 25. Kxf1 Bb4) 25. Nb5 $18 Bb2 26. f3 Bxe5 ({Don't blunder} 26... Nc3 $2 27. Nxc3 Bxc3 28. Rc1 $18) 27. fxe4 fxe4 (27... Bxe4 {keeps fighting.} 28. Rc1 Kf7) 28. Nd4 Bxd4 29. Bxd4 Bxb3 30. Bh3 Re8 31. Rb1 (31. a5 $18 {aiming for Rb1.} e5 32. Bc5) 31... Bxa4 $14 32. Rxb7 {[%emt 0:00:20] White is more active.} e5 33. Bc5 {[%emt 0:00:15] [#] Strongly threatening Rb4.} d4 {[%emt 0:01:00] The position is equal.} 34. Ra7 Bc6 35. Ra6 Bd5 36. Bd6 {[%emt 0:02:01] This pair of bishops is nice.} e3 37. Ra5 Bc4 {[%emt 0:00:26] [#] Hoping for ...d3.} 38. Rxe5 Rxe5 39. Bxe5 d3 {[%emt 0:00:05] ( -> ...d2)} 40. Bf4 d2 41. Bg4 Bb3 42. Bxe3 {[%emt 0:00:06] White really could win this.   Weighted Error Value: White=0.23 (precise) /Black=0.19 (very precise) .  Loses game:     	---       	Black=1      Mistake:       	White=2     	Black=2      Inaccurate:     	White=2     	Black=1      OK:         	White=14    	Black=14     Best:        	White=1     	Black=6} 1/2-1/2

[Event "WSTCC-50 2024"]
[Site "Krakow"]
[Date "2024.07.03"]
[Round "2.6"]
[White "Bhawoodien, Shabir Hussain"]
[Black "Horvath, Julia"]
[Result "0-1"]
[ECO "C24"]
[WhiteElo "1990"]
[BlackElo "2116"]
[Annotator "NA RC"]
[PlyCount "92"]
[EventDate "2024.07.01"]
[EventType "team-tourn"]
[EventCountry "POL"]
[SourceTitle "playchess.com"]
[Source "ChessBase"]
[SourceQuality "1"]
[TimeControl "40/5400+30:1800+30"]

1. e4 e5 2. Bc4 Nf6 3. d3 Bc5 4. Nc3 Nc6 5. f4 d6 6. Nf3 a6 7. f5 h6 8. Nd5 b5 9. Nxf6+ Qxf6 10. Bd5 Bb7 11. c3 Rb8 12. b4 Bb6 13. g4 Qe7 14. Qe2 Nd8 15. Bb3 c5 16. Be3 Bc6 17. O-O a5 18. a3 Qa7 19. bxc5 dxc5 20. Bf2 Qe7 21. Kg2 Rb7 22. Bg3 Bc7 23. Bh4 Qd7 24. Rad1 Rb8 25. Rfe1 Bd6 26. Kg1 Qb7 27. Bg3 Qe7 28. h3 Rc8 29. Qh2 c4 30. dxc4 Bc5+ 31. Bf2 Bxf2+ 32. Qxf2 Qxa3 33. cxb5 Qxb3 34. bxc6 Rxc6 35. Nxe5 Rxc3 36. Rxd8+ Kxd8 37. Nxf7+ Kc8 38. Nxh8 Rg3+ 39. Kh2 Rxh3+ 40. Kg2 Rc3 41. Re2 a4 42. Ng6 a3 43. Ne7+ Kd7 44. Nd5 Rd3 45. Qa7+ Kc6 46. Rc2+ Qxc2+ 0-1

[Event "WSTCC-50 2024"]
[Site "Krakow"]
[Date "2024.07.03"]
[Round "2.7"]
[White "Arkell, Keith C"]
[Black "Sagalchik, Olga"]
[Result "1-0"]
[ECO "D43"]
[WhiteElo "2375"]
[BlackElo "2128"]
[Annotator "TA"]
[PlyCount "73"]
[EventDate "2024.07.01"]
[EventType "team-tourn"]
[EventCountry "POL"]
[SourceTitle "playchess.com"]
[Source "ChessBase"]
[SourceQuality "1"]
[TimeControl "40/5400+30:1800+30"]

1. d4 d5 2. Nf3 Nf6 3. c4 c6 4. Nc3 e6 5. cxd5 exd5 6. Qc2 Nbd7 7. Bg5 h6 8. Bh4 Bb4 9. e3 Qa5 10. Bd3 O-O 11. O-O Re8 12. a3 Bxc3 13. Qxc3 Qxc3 14. bxc3 {[%emt 0:00:05] The position is equal.} Ne4 {[%emt 0:02:01] Dodges Nd2} 15. Rfc1 Nf8 16. c4 dxc4 17. Bxc4 Be6 18. Bxe6 Rxe6 19. g4 g5 20. Bg3 Nxg3 21. hxg3 Rd8 22. a4 a5 (22... Rd5 $14) 23. Rab1 $16 Re7 24. Rb2 f6 25. Nd2 Ne6 26. Kg2 Kf7 {[%emt 0:01:26] [#]} (26... Kf8 $16 {is a better defense.} 27. Rcc2 Kf7) 27. Nc4 $1 $18 Rd5 28. Rcb1 Rdd7 29. Rb6 Nd8 30. Nxa5 Kg6 31. Nb3 h5 32. Nc5 Rc7 33. gxh5+ Kxh5 {[%emt 0:00:03] [#]} 34. d5 $1 cxd5 $2 {[%emt 0:02:37] [#]} (34... Re5 $18 35. d6 (35. Nxb7 Nxb7 36. Rxb7 Rxb7 $16) 35... Rc8) (34... Rc8 35. d6) 35. Rxf6 $1 {[%emt 0:00:16] White mates.} g4 (35... Rxe3 36. fxe3) 36. Rh1+ Kg5 37. Rfh6 {[%emt 0:00:11] Weighted Error Value: White=0.06 (flawless) /Black=0.54.  Mistake:       	---       	Black=3      Inaccurate:     	White=2     	Black=2      OK:         	White=11    	Black=4      Strong:       	White=2     	---} 1-0